 Dungeon Crawl Stone Soup version 0.31-a0-219-g8d62b2e7bb (webtiles) character file.

Game seed: 14568048366771216194

2 qw the Shooter (level 1, -2/16 HPs)
             Began as a Minotaur Hexslinger on July 3, 2023.
             Killed from afar by a dart slug (4 damage)
             ... with a slug dart
             ... on level 1 of the Dungeon.
             The game lasted 00:00:01 (32 turns).

qw the Shooter (Minotaur Hexslinger)                  Turns: 32, Time: 00:00:02

Health: -2/16      AC:  2    Str: 12    XL:     1   Next: 33%
Magic:  1/1        EV: 12    Int: 10    God:
Gold:   0          SH:  0    Dex: 12    Spells: 1/2 levels left

rFire   . . .        a - +1 sling
rCold   . . .        (no shield)
rNeg    . . .        c - +0 robe
rPois   .            (helmet restricted)
rElec   .            (no cloak)
rCorr   .            (no gloves)
SInv    .            (no boots)
Will    .....        (no amulet)
Stlth   +            (no ring)
HPRegen 0.22/turn    (no ring)
MPRegen 0.07/turn

%: no passive effects
@: no status effects
A: horns 2, retaliatory headbutt
a: no special abilities


You were on level 1 of the Dungeon.
You visited 1 branch of the dungeon, and saw 1 of its levels.


Innate Abilities, Weirdness & Mutations

You have a pair of horns on your head.
You reflexively headbutt those who attack you in melee.


   Skills:
 - Level 1.2 Fighting
 + Level 2.5 Ranged Weapons
 - Level 2.1 Dodging
 - Level 1.0 Spellcasting
 - Level 2.0 Hexes


You had one spell level left.
You knew the following spells:

 Your Spells              Type           Power      Damage    Failure   Level
a - Slow                  Hex            16%        N/A       16%         1

Your spell library contained the following spells:

 Spells                   Type           Power      Damage    Failure   Level
 Inner Flame              Hex/Fire       2%         N/A       56%         3
 Portal Projectile        Hex/Tloc       4%         N/A       56%         3
 Cause Fear               Hex            2%         N/A       83%         4

Inventory:

Hand Weapons
 a - a +1 sling (weapon)
Armour
 c - a +0 robe (worn)
Scrolls
 b - a scroll of poison
 d - a scroll of teleportation {unknown}
Potions
 e - a potion of resistance {unknown}
 f - a potion of curing {unknown}

Dungeon Overview and Level Annotations

Branches:
Dungeon (1/15)

Altars:


Message History

Found a scroll labelled DAIV VUYNUW.
Found a staircase leading out of the dungeon.
Waypoint 0 assigned to D:1.
0 ||| PLANNING D:1-11
d - a scroll labelled DAIV VUYNUW
Found a kite shield.
e - a fizzy ruby potion
f - a lumpy puce potion A bat comes into view.
You shoot a sling bullet. The sling bullet hits the bat.
You kill the bat!
A quokka and a dart slug come into view.
You shoot a sling bullet. The sling bullet misses the quokka.
You shoot a sling bullet. The sling bullet hits the quokka.
The quokka is severely wounded.
You shoot a sling bullet. The sling bullet hits the quokka.
The quokka is almost dead.
You shoot a sling bullet.
The sling bullet barely misses the quokka.
The quokka bites you. x2
You shoot a sling bullet. The sling bullet misses the quokka.
The quokka barely misses you. The dart slug launches a dart at you.
The slug dart misses you.
You shoot a sling bullet.
The sling bullet closely misses the quokka.
The quokka bites you. The quokka barely misses you.
You shoot a sling bullet.
The sling bullet hits the quokka but does no damage.
The quokka is almost dead.
The quokka barely misses you.
You shoot a sling bullet. The sling bullet hits the quokka!
You kill the quokka!
The dart slug launches a dart at you. The slug dart hits you.
You shoot a sling bullet. The sling bullet hits the dart slug!
The dart slug is severely wounded.
The dart slug launches a dart at you. The slug dart hits you.
You die...

#. .# .#
###. .###.
#...###....
#.........#
#.........#
#.........#
#....w.%..#
#..@# #...#
####...####
#.........#
#.........#
#.........#
####.[.####
#...#
####...####


You could see a dart slug.

Vanquished Creatures
  A bat (D:1)
  A quokka (D:1)
2 creatures vanquished.

Vanquished Creatures (others)
  A quokka (D:1)
1 creature vanquished.

Grand Total: 3 creatures vanquished

Notes
Turn   | Place    | Note
-------+----------+-------------------------------------------
     0 | D:1      | qw the Minotaur Hexslinger began the quest for the Orb.
     0 | D:1      | Reached XP level 1. HP: 16/16 MP: 1/1
     0 | D:1      | 0 ||| qw: Version: 0.3-a-40-ge99b1a8
     0 | D:1      | 0 ||| qw: Game counter: 356
     0 | D:1      | 0 ||| qw: Melee chars always use a shield: true
     0 | D:1      | 0 ||| qw: God list: Okawaru
     0 | D:1      | 0 ||| qw: Allow faded altars: false
     0 | D:1      | 0 ||| qw: Do Orc after clearing Dungeon:15 true
     0 | D:1      | 0 ||| qw: Do second Lair branch before Depths: true
     0 | D:1      | 0 ||| qw: Lair rune preference: random
     0 | D:1      | 0 ||| qw: Goals: Normal
     0 | D:1      | 0 ||| PLANNING D:1-11
    31 | D:1      | HP: 2/16 [dart slug/slug dart (4)]
    32 | D:1      | Killed from afar by a dart slug

Levels and vault maps discovered:
D:1:      minmay_arrival_hallway, layout_loops_ring,
          hellmonk_ecumenical_altar_leap_of_faith, amethyst_killhole,
          lemuel_flame_loot_1

Action                     || total
---------------------------++-------
   Fire: Sling             ||    10
  Dodge: Dodged            ||     4

Table legend:
 A = Non-vault XP
 B = Vault XP
 C = Vault XP percentage of total XP
 D = Non-vault monster count
 E = Vault monster count
 F = Vault count percentage of total count
                 A         B        C        D         E       F
            +---------+---------+-------+---------+---------+-------
      Total |       4 |       0 |   0.0 |       2 |       0 |   0.0
            +---------+---------+-------+---------+---------+-------
        D:1 |       4 |       0 |   0.0 |       2 |       0 |   0.0
            +---------+---------+-------+---------+---------+-------
